Map: [ESL] Dragon Scales

Players

Reynor

  • Race: Zerg Zerg
  • League: Master
  • Spawn Location: 5:00

Solar - Winner!

  • Race: Zerg Zerg
  • League: Master
  • Spawn Location: 11:00

Event: HomeStory Cup XXIII

VOD

Have the link to the VOD?

Description

Time

  • Played on: July 2, 2023, 5:18 p.m.
  • Length: 7:04

All games in this series

Show
View Real Time Build Order
Export as new Build Order

Reynor Zerg 

Build Orders: Hatch First 

Get SALT Encoding   

  12  0:00  Drone  
  13  0:11  Overlord  
  13  0:16  Drone  
  14  0:30  Drone x2  
  16  0:47  Hatchery  
  15  0:50  Drone  
  15  0:54  Drone  
  17  0:57  Drone  
  18  1:07  Extractor  
  17  1:12  Spawning Pool  
  17  1:15  Drone  
  17  1:19  Drone  
  18  1:27  Drone  
  19  1:38  Drone  
  20  1:48  Drone  
  21  1:59  Overlord, Queen x2  
  21  2:00  Zergling x2  
  26  2:08  Metabolic Boost  
  26  2:10  Drone x2  
  28  2:20  Zergling x2  
  28  2:21  Drone  
  30  2:34  Drone  
  30  2:36  Hatchery  
  30  2:38  Drone  
  30  2:43  Baneling Nest  
  30  2:44  Drone  
  30  2:47  Drone  
  32  2:53  Overlord  
  32  2:54  Drone  
  33  3:03  Drone  
  34  3:05  Queen  
  34  3:10  Overlord  
  34  3:12  Drone  
  37  3:13  Zergling x2  
  37  3:14  Zergling x2  
  37  3:16  Zergling x2  
  37  3:19  Drone  
  41  3:21  Drone  
  41  3:23  Drone  
  43  3:28  Drone, Evolution Chamber  
  43  3:33  Drone x2, Baneling  
  45  3:40  Drone x3  
  48  3:41  Drone  
  48  3:46  Overlord  
  48  3:47  Drone  
  50  3:49  Drone  
  50  3:50  Drone  
  50  3:52  Drone  
  53  3:58  Drone  
  53  3:59  Drone x2  
  56  4:08  Roach Warren  
  54  4:10  Drone x2  
  54  4:12  Drone  
  54  4:15  Drone x2  
  59  4:19  Extractor x2, Overlord  
  57  4:24  Drone  
  57  4:25  Drone  
  57  4:29  Overlord  
  59  4:32  Spine Crawler  
  59  4:35  Queen  
  59  4:38  Spine Crawler, Baneling  
  58  4:42  Drone x2  
  58  4:44  Overlord  
  60  4:45  Drone x2  
  60  4:51  Roach x3  
  60  4:52  Roach  
  70  4:55  Roach x2  
  70  4:57  Roach  
  70  4:58  Roach  
  70  4:59  Overlord  
  78  5:01  Roach  
  78  5:04  Roach  
  78  5:06  Roach  
  84  5:09  Roach x2  
  88  5:15  Roach  
  88  5:16  Overlord  
  88  5:18  Roach x2  
  94  5:22  Overlord  
  94  5:23  Baneling  
  97  5:28  Roach x2  
  97  5:33  Roach x3  
  97  5:34  Roach  
  91  5:36  Roach x2, Zergling x2  
  91  5:40  Roach  
  91  5:41  Queen  
  94  5:45  Roach x2  
  98  5:51  Roach  
  98  5:55  Roach x2  
  85  5:58  Queen  
  85  6:02  Roach  
  77  6:05  Roach x2  
  75  6:13  Roach  
  75  6:15  Roach  
  67  6:19  Roach  
  67  6:21  Queen  
  67  6:24  Roach x3  
  75  6:28  Roach  
  75  6:31  Roach  
  75  6:34  Roach  
  75  6:36  Roach  
  75  6:39  Roach  
  75  6:41  Roach  
  75  6:45  Roach  
Show
View Real Time Build Order
Export as new Build Order

Solar Zerg - Winner!

Build Orders: Hatch First 

Get SALT Encoding   

  12  0:00  Drone  
  13  0:12  Overlord  
  13  0:17  Drone  
  14  0:31  Drone x2  
  16  0:48  Hatchery  
  15  0:51  Drone  
  15  0:55  Drone  
  17  0:58  Drone  
  18  1:09  Extractor  
  17  1:13  Spawning Pool  
  17  1:16  Drone  
  17  1:20  Drone  
  18  1:28  Drone  
  19  1:38  Drone  
  20  1:49  Drone  
  21  2:00  Queen x2, Zergling x2  
  21  2:01  Overlord  
  26  2:10  Metabolic Boost  
  26  2:11  Drone x2  
  28  2:22  Drone, Zergling x2  
  30  2:36  Hatchery  
  29  2:38  Drone  
  30  2:44  Queen  
  32  2:52  Evolution Chamber  
  32  2:54  Overlord  
  32  2:57  Drone x2  
  33  3:01  Zergling x2  
  33  3:03  Drone  
  35  3:06  Drone  
  36  3:13  Drone  
  36  3:14  Drone x2, Zergling x2  
  36  3:16  Zergling x2  
  36  3:19  Zergling x2  
  42  3:26  Zerg Ground Armor Level 1  
  42  3:29  Overlord  
  42  3:32  Drone  
  44  3:34  Drone  
  44  3:39  Roach Warren  
  43  3:43  Drone  
  43  3:48  Drone x3  
  46  3:51  Drone  
  46  3:54  Extractor  
  46  3:55  Overlord  
  46  4:01  Drone  
  46  4:02  Overlord  
  47  4:22  Roach x3  
  47  4:23  Roach x4  
  61  4:28  Roach  
  61  4:31  Overlord x2  
  63  4:33  Roach  
  63  4:37  Roach  
  67  4:42  Zergling x8  
  67  4:45  Zergling x4  
  73  4:48  Zergling x2  
  73  4:50  Zergling x4  
  76  4:53  Overlord  
  76  4:55  Zergling x2  
  76  4:57  Zergling x2  
  77  5:00  Zergling x2  
  77  5:01  Zergling x2  
  77  5:02  Zergling x2  
  77  5:03  Zergling x2  
  81  5:09  Zergling x6  
  84  5:15  Zergling x8  
  88  5:22  Zergling x6  
  91  5:30  Zergling x10  
  91  5:33  Ravager  
  91  5:34  Zergling x4  
  91  5:36  Ravager  
  91  5:37  Zergling x2  
  91  5:41  Zergling x2  
  91  5:42  Zergling x4  
  95  5:44  Ravager  
  95  5:46  Overlord  
  95  5:50  Zergling x4  
  95  5:53  Zergling x2  
  95  5:54  Zergling x2  
  89  5:59  Zergling x2  
  89  6:01  Ravager  
  89  6:03  Zergling x2  
  89  6:08  Zergling x12  
  86  6:12  Zergling x6  
  86  6:13  Ravager  
  86  6:15  Zergling x2  
  86  6:18  Zergling x2  
  87  6:21  Zergling x2  
  87  6:25  Zergling x4  
  87  6:30  Zergling x4  
  86  6:34  Zergling x4  
  86  6:35  Ravager  
  86  6:38  Zergling x2  
  86  6:39  Zergling x2  
  88  6:45  Zergling x6  
Tags
 
Add a new tag
Caveats
  • Supply blocks, unpowered buildings, or Contaminate may cause inaccurate times.
  • Supply counts are checked every 10 seconds.